 Dungeon Crawl Stone Soup version 0.28-a0-1518-gbe868bca14 (webtiles) character file.

Game seed: 1437610475705486875

130 anonymouscript the Skirmisher (level 4, 0/42 HPs)
             Began as a Minotaur Berserker on Jan 16, 2022.
             Was a Believer of Trog.
             Succumbed to a goblin's poison
             ... on level 2 of the Dungeon.
             The game lasted 00:02:49 (1562 turns).

anonymouscript the Skirmisher (Minotaur Berserker)  Turns: 1562, Time: 00:02:50

Health: 0/42       AC:  2    Str: 24    XL:     4   Next: 90%
Magic:  3/3        EV: 12    Int:  4    God:    Trog [**....]
Gold:   74         SH:  0    Dex:  9    Spells: 3/3 levels left

rFire   . . .      SeeInvis .   a - +0 falchion
rCold   . . .      Faith    .   (no shield)
rNeg    . . .      Spirit   .   b - +0 animal skin
rPois   .          Reflect  .   (helmet restricted)
rElec   .          Harm     .   (no cloak)
rCorr   .          Rampage  .   (no gloves)
Will    ++...                   (no boots)
Stlth   +.........              (no amulet)
HPRegen 1.14/turn               (no ring)
MPRegen 0.08/turn               (no ring)

@: lethally poisoned (0 -> -5), strong-willed, regenerating
A: horns 2, retaliatory headbutt
a: Renounce Religion, Berserk, Trog's Hand


You were on level 2 of the Dungeon.
You worshipped Trog.
Trog was pleased with you.
You visited 1 branch of the dungeon, and saw 2 of its levels.

You collected 74 gold pieces.

Inventory:

Hand Weapons
 a - a +0 falchion (weapon)
Missiles
 e - 32 sling bullets
Armour
 b - a +0 animal skin (worn)
Potions
 c - a potion of haste {unknown}
 d - a potion of heal wounds {unknown}
 f - a potion of degeneration {unknown}


   Skills:
 + Level 5.3 Fighting
 + Level 4.7 Long Blades
 + Level 2.7 Armour
 + Level 3.0 Dodging
 + Level 0.1 Stealth


You had 3 spell levels left.
You didn't know any spells.
Your spell library was empty.

Dungeon Overview and Level Annotations

Branches:
Dungeon (2/15)

Altars:


Innate Abilities, Weirdness & Mutations

You have a pair of horns on your head.
You reflexively headbutt those who attack you in melee.


Message History

Robin throws the goblin at you!
You barely miss Robin. Your headbutt misses Robin.
Robin is almost dead.
The goblin hits you with a +0 dagger of venom.
You are poisoned.
Robin hits you with a +0 dagger.
You hit Robin.
You kill Robin!
Trog accepts your kill.
You feel very sick.
The goblin hits you with a +0 dagger of venom.
You are more poisoned.
You barely miss the goblin. Your headbutt misses the goblin.
You feel very sick. The goblin closely misses you. The goblin misses you.
You barely miss the goblin.
You feel very sick.
The goblin hits you with a +0 dagger of venom.
You are lethally poisoned!
The goblin hits you with a +0 club. The goblin closely misses you.
The goblin completely misses you.
You slash the goblin!
You kill the goblin!
Trog accepts your kill.
* * * LOW HITPOINT WARNING * * *
You feel very sick.
A goblin comes into view. It is wielding a +0 club.
The goblin hits you with a +0 dagger of venom.
* * * LOW HITPOINT WARNING * * *
You are more poisoned.
Your skin crawls.
You feel strong-willed.
* * * LOW HITPOINT WARNING * * *
You feel very sick.
The goblin shouts!
The goblin barely misses you.
* * * LOW HITPOINT WARNING * * *
You feel very sick.
Items here: )))) / [[ †.
You die...

.. #. #.
#. #. #.
#.#.###
#.#.@.#
###.###)#
...###g#
#..#...#
#..#g###
...
#..#.#
..#
#....#
...
##.###
#.# #.#


You could see a goblin (strong).

Vanquished Creatures
  Natasha (thrice) (D:2)
  Robin (D:2)
  An adder (D:2)
  A worm (D:2)
  4 endoplasms
  2 giant cockroaches
  5 goblins
  4 hobgoblins
  2 ball pythons
  3 bats (D:1)
  A frilled lizard (D:2)
  4 kobolds
  3 rats
34 creatures vanquished.

Notes
Turn   | Place    | Note
-------+----------+-------------------------------------------
     0 | D:1      | anonymouscript the Minotaur Berserker began the quest for
                  | the Orb.
     0 | D:1      | Reached XP level 1. HP: 19/19 MP: 0/0
   159 | D:1      | Found a faded altar of an unknown god.
   530 | D:1      | Reached XP level 2. HP: 27/27 MP: 1/1
   573 | D:1      | Reached skill level 4 in Fighting
  1059 | D:2      | Noticed Natasha
  1062 | D:2      | Killed Natasha
  1063 | D:2      | Reached XP level 3. HP: 13/34 MP: 2/2
  1320 | D:2      | Noticed Natasha
  1332 | D:2      | Killed Natasha
  1333 | D:2      | Reached XP level 4. HP: 32/41 MP: 3/3
  1416 | D:2      | Noticed Natasha
  1426 | D:2      | Killed Natasha
  1427 | D:2      | Reached skill level 5 in Fighting
  1432 | D:2      | Reached ** piety under Trog
  1548 | D:2      | Noticed Robin
  1556 | D:2      | Killed Robin
  1561 | D:2      | HP: 2/42 [poisoned by a goblin]
  1562 | D:2      | Succumbed to a goblin's poison

Illustrated notes

Levels and vault maps discovered:
D:1:      amcnicky_arrival_blooded_trapdoor, layout_basic,
          hellmonk_ecumenical_altar_prayer_group, corexii_hall_statues_i,
          due_unseen_surprise
D:2:      layout_basic, bh_walls_and_bars, uniq_natasha, uniq_robin

Skill      XL: |  1  2  3  4 |
---------------+-------------+-----
Fighting       | 4 5 |  5.3
Long Blades    | 4 |  4.7
Dodging        | 3 |  3.0
Armour         | |  2.7
Stealth        | |  0.1

Action                   |  1- 3 |  4- 6 || total
-------------------------+-------+-------++-------
Melee: Falchion          |    44 |    31 ||    75
       Headbutt          |     7 |     5 ||    12
       Punch             |       |     2 ||     2
Invok: Trog's Hand       |       |     1 ||     1
Armor: Animal skin       |    15 |       ||    15
Dodge: Dodged            |    40 |    14 ||    54

Table legend: (Time is in decaauts)
 A = Elapsed time spent in this place.
 B = Non-inter-level travel time spent in this place.
 C = Inter-level travel time spent in this place.
 D = Time resting spent in this place.
 E = Time spent auto-exploring this place.
 F = Levels seen in this place.
 G = Mean time per level.
                   A        B        C        D        E       F      G
               +--------+--------+--------+--------+--------+-----+--------+
         Total |   1568 |   1517 |     51 |     99 |   1122 |   2 |  784.0 |
       Dungeon |   1568 |   1517 |     51 |     99 |   1122 |   2 |  784.0 |
               +--------+--------+--------+--------+--------+-----+--------+

Top non-repeatable levels by time:
     D:1: 1039 daAuts
     D:2: 529 daAuts
